 Dungeon Crawl Stone Soup version 0.23.2-1-ga50397a (webtiles) character file.

Game seed: 8889164353616355886

258 Boartato the Insei (level 5, -4/40 HPs)
             Began as a Draconian Transmuter on Apr 20, 2019.
             Was a Follower of Okawaru.
             Slain by a worker ant (7 damage)
             ... on level 3 of the Dungeon.
             The game lasted 00:31:22 (3414 turns).

Boartato the Insei (Draconian Transmuter)           Turns: 3414, Time: 00:31:23

Health: -4/40      AC:  5    Str: 12      XL:     5   Next: 94%
Magic:  0/8        EV: 12    Int: 11 (13) God:    Okawaru [*.....]
Gold:   137        SH:  0    Dex: 12 (13) Spells: 3/9 levels left

rFire    . . .     SeeInvis .     - Unarmed
rCold    . . .     Gourm    .   (no shield)
rNeg     . . .     Faith    .   (armour unavailable)
rPois    .         Spirit   .   (helmet restricted)
rElec    .         Reflect  .   (no cloak)
rCorr    .         Harm     .   (no gloves)
MR       .....                  (no boots)
Stlth    +.........             (no amulet)
HPRegen  0.13/turn              (no ring)
MPRegen  0.11/turn              (no ring)

@: lethally poisoned (-4 -> -9), very slightly contaminated
A: unfitting armour, cold-blooded, AC +5
a: Heroism, Renounce Religion


You were on level 3 of the Dungeon.
You worshipped Okawaru.
Okawaru was aware of your devotion.
You were not hungry.

You visited 1 branch of the dungeon, and saw 4 of its levels.

You collected 137 gold pieces.

Inventory:

Hand Weapons
 e - a +0 dagger
Missiles
 a - 45 arrows
Jewellery
 d - a cursed ring of teleportation {unknown}
Scrolls
 b - a scroll of magic mapping {unknown}
 g - a scroll of fear {unknown}
 i - a scroll of remove curse {unknown}
 j - 2 scrolls of noise {unknown}
 k - a scroll of blinking {unknown}
 q - a scroll of teleportation {unknown}
 s - a scroll of enchant weapon {unknown}
 t - 2 scrolls of identify {unknown}
Potions
 f - a potion of degeneration
 h - a potion of heal wounds
 l - a potion of might {unknown}
 m - a potion of agility {unknown}
 n - a potion of magic {unknown}
 o - a potion of berserk rage {unknown}
 p - 2 potions of cancellation {unknown}
 r - a potion of brilliance {unknown}
Comestibles
 c - 7 rations


   Skills:
 + Level 1.5 Fighting
 + Level 1.7 Dodging
 * Level 6.0 Unarmed Combat
 + Level 2.5 Spellcasting
 + Level 2.7 Transmutations


You had 3 spell levels left.
You knew the following spells:

 Your Spells              Type           Power        Failure   Level  Hunger
a - Beastly Appendage     Tmut           #.....       9%          1    ##.....
b - Sticks to Snakes      Tmut           #.......     14%         2    ###....
c - Spider Form           Tmut/Pois      #.........   43%         3    ####...

Your spell library contained the following spells:

 Spells                   Type           Power        Failure   Level  Hunger
 Ice Form                 Ice/Tmut       #.......     83%         4    #####..
 Blade Hands              Tmut           #.........   94%         5    ######.


Dungeon Overview and Level Annotations

Branches:
Dungeon (4/15)
 Temple: D:4-7

Altars:
Cheibriados
Okawaru
Ru
The Shining One


Innate Abilities, Weirdness & Mutations

Your plain brown scales are hard. (AC +5)
You cannot fit into any form of body armour.
You are cold-blooded and may be slowed by cold attacks.


Message History

* * * LOW HITPOINT WARNING * * *
Your ball python bites the worker ant.
Your ball python closely misses the worker ant.
You feel sick.
Your ball python bites the worker ant but does no damage.
Your ball python completely misses the worker ant.
You closely miss the worker ant.
Your tail-slap misses the worker ant.
The worker ant is heavily wounded.
The worker ant bites you.
* * * LOW HITPOINT WARNING * * *
Your ball python bites the worker ant but does no damage.
Your ball python barely misses the worker ant.
Casting: Sticks to Snakes (safe; 14% risk of failure)
Confirm with . or Enter, or press ? or * to list all spells.
You don't have enough magic to cast that spell.
You hit the worker ant but do no damage.
The worker ant is heavily wounded.
* * * LOW HITPOINT WARNING * * *
You feel sick. The worker ant bites you!
You die...

.....##......#######
._....###....[.....#
.....##............#
##########
....##..##.........#
##.........
...##..###.........#
##..########
#.##...............###..##
###..#.###.....S.......#######
.#.....###....>a.............#
.#..###....#####@#...........#
....# #......................#
....###...##.###..####..######
.....##...#P.####..###.##
.#.#.....##P..# ##.##..#
.#.#####.####.# #.##.### .#.#
#.###.### #......# .#.#
#.#^.PPP# ###.##.## .#.#
#.#.P^.P###...##..#


You could see a worker ant and a friendly ball python.

Vanquished Creatures
  An orc priest (D:3)
  A worker ant (D:3)
  Robin (D:2)
  7 gnolls (D:3)
  3 adders
  4 worms
  2 dart slugs
  2 leopard geckos
  5 orcs (D:3)
  5 giant cockroaches
  12 goblins
  8 hobgoblins
  6 jackals
  4 kobolds
  A ball python (D:2)
  8 bats
  5 frilled lizards
  10 rats
85 creatures vanquished.

Notes
Turn   | Place    | Note
-------+----------+-------------------------------------------
     0 | D:1      | Boartato the Draconian Transmuter began the quest for the
                  | Orb.
     0 | D:1      | Reached XP level 1. HP: 16/16 MP: 3/3
   152 | D:1      | Reached XP level 2. HP: 22/23 MP: 3/5
   707 | D:2      | Reached XP level 3. HP: 20/28 MP: 4/6
   794 | D:2      | Learned a level 2 spell: Sticks to Snakes
  1003 | D:2      | Reached skill level 4 in Unarmed Combat
  1296 | D:2      | Learned a level 3 spell: Spider Form
  1305 | D:2      | Noticed Robin
  1321 | D:2      | Killed Robin
  1321 | D:2      | Reached XP level 4. HP: 23/35 MP: 1/7
  1728 | D:2      | Found a faded altar of an unknown god.
  1733 | D:2      | Became a worshipper of Warmaster Okawaru
  1733 | D:2      | Reached * piety under Okawaru
  1829 | D:2      | Found a snail-covered altar of Cheibriados.
  1966 | D:3      | Reached skill level 5 in Unarmed Combat
  1989 | D:3      | Reached XP level 5. HP: 37/40 MP: 8/8
  2397 | D:3      | Found a sacrificial altar of Ru.
  2412 | D:3      | HP: 1/40 [gnoll (8)]
  2750 | D:3      | Found a glowing golden altar of the Shining One.
  3169 | D:3      | Reached skill level 6 in Unarmed Combat
  3414 | D:3      | Slain by a worker ant

Skill      XL: |  1  2  3  4  5 |
---------------+----------------+-----
Unarmed Combat | 4 5 6 |  6.0
Fighting       | |  1.5
Dodging        | |  1.7
Spellcasting   | |  2.5
Transmutations | |  2.7

Action                   |  1- 3 |  4- 6 || total
-------------------------+-------+-------++-------
Melee: Unarmed           |   128 |   165 ||   293
       Tailslap          |     8 |    15 ||    23
       Headbutt          |     4 |     4 ||     8
       Kick              |     2 |     2 ||     4
 Cast: Beastly Appendage |    11 |     9 ||    20
       Spider Form       |     1 |     2 ||     3
       Sticks to Snakes  |     1 |     4 ||     5
  Use: Potion            |     2 |     1 ||     3
 Stab: Sleeping          |     1 |     2 ||     3
  Eat: Chunk             |     2 |     8 ||    10
Armor: Skin              |    30 |    27 ||    57
Dodge: Dodged            |    74 |   100 ||   174
